 Dungeon Crawl Stone Soup version 0.29.1-12-g30fa7ad0bf (webtiles) character file.

Game seed: 17523391123956545287

24187 sanboga the Severer (level 12, -3/172 HPs)
             Began as a Minotaur Berserker on Dec 26, 2022.
             Was a High Priest of Trog.
             Slain by an unseen horror (4 damage)
             ... on level 13 of the Dungeon.
             The game lasted 00:14:34 (14044 turns).

sanboga the Severer (Minotaur Berserker)           Turns: 14044, Time: 00:14:35

Health: -3/172     AC: 22    Str: 34    XL:     12   Next: 78%
Magic:  11/11      EV:  9    Int:  7    God:    Trog [*****.]
Gold:   827        SH:  5    Dex: 15    Spells: 11/11 levels left

rFire   . . .      SeeInvis .   s - +0 battleaxe
rCold   + . .      Faith    .   (shield currently unavailable)
rNeg    . . .      Spirit   .   C - +1 plate armour {rC+}
rPois   .          Reflect  +   (helmet restricted)
rElec   .          Harm     .   h - +0 cloak
rCorr   .          Rampage  .   a - +1 pair of gloves
Will    .....                   I - +0 pair of boots
Stlth   ..........              D - amulet of reflection
HPRegen 0.38/turn               w - ring "Ratt" {Str+6 Int+3}
MPRegen 0.12/turn               t - +6 ring of dexterity

@: berserking, very quick
A: horns 2, retaliatory headbutt
a: Renounce Religion, Berserk, Trog's Hand, Brothers in Arms


You were on level 13 of the Dungeon.
You worshipped Trog.
Trog was extremely pleased with you.
You visited 1 branch of the dungeon, and saw 13 of its levels.

You collected 827 gold pieces.

Inventory:

Hand Weapons
 s - a +0 battleaxe (weapon)
Armour
 a - a +1 pair of gloves (worn)
 h - a +0 cloak (worn)
 C - a +1 plate armour of cold resistance (worn)
 I - a +0 pair of boots (worn)
Jewellery
 i - a ring of ice
 t - a +6 ring of dexterity (right hand)
 w - the ring "Ratt" (left hand) {Str+6 Int+3}
   (You found it on level 5 of the Dungeon)

   [ring of strength]

   Str:       It affects your strength (+6).
   Int:       It affects your intelligence (+3).
 B - a ring of ice
 D - an amulet of reflection (around neck)
Wands
 c - a wand of polymorph (11)
 o - a wand of paralysis (9)
 u - a wand of mindburst (28)
 y - a wand of quicksilver (7)
 z - a wand of roots (4)
 A - a wand of digging (10)
Scrolls
 d - 3 scrolls of enchant weapon {unknown}
 e - a scroll of poison {unknown}
 j - 2 scrolls of vulnerability {unknown}
 l - a scroll of magic mapping
 n - 3 scrolls of enchant armour
 q - a scroll of acquirement {unknown}
 v - 8 scrolls of teleportation
 E - a scroll of blinking
 F - a scroll of amnesia {unknown}
Potions
 b - 6 potions of curing
 f - a potion of degeneration {unknown}
 g - 5 potions of brilliance {unknown}
 k - a potion of resistance
 m - 4 potions of heal wounds
 p - 2 potions of flight
 r - 5 potions of mutation
 x - 2 potions of haste


   Skills:
 + Level 13.5 Fighting
 * Level 18.2 Axes
 + Level 13.2 Armour
 - Level 2.1 Dodging


You had 11 spell levels left.
You didn't know any spells.
Your spell library was empty.

Dungeon Overview and Level Annotations

Branches:
Dungeon (13/15)              Lair (0/5) D:9             Orc (0/2) D:11
 Vaults (0/5) D:13
 Temple: D:4-7

Altars:
Ashenzari
Fedhas
Hepliaklqana
Kikubaaqudgha
Xom
Zin

Shops:
D:8 *   D:11 (

Annotations:
D:13 1 transporter


Innate Abilities, Weirdness & Mutations

You have a pair of horns on your head.
You reflexively headbutt those who attack you in melee.


Message History

The bolt hits the yaktaur!!!
The jumping spider is engulfed in blazing flames.
You closely miss the deep troll earth mage.
The deep troll earth mage is moderately wounded.
You slash the frost giant! You slash the efreet! You barely miss something.
You closely miss the wraith. You barely miss the freezing wraith.
You lop one of the ten-headed hydra's heads off!
The nine-headed hydra grows two more!
You slice the 11-headed hydra!! Something hits you but does no damage.
The 11-headed hydra bites you but does no damage. x3
The 11-headed hydra bites you.
* * * LOW HITPOINT WARNING * * *
The 11-headed hydra bites you but does no damage. x3
The 11-headed hydra bites you!
* * * LOW HITPOINT WARNING * * *
The 11-headed hydra closely misses you. The 11-headed hydra barely misses you.
The 11-headed hydra bites you but does no damage.
The frost giant hits you with a +2 battleaxe of freezing!
* * * LOW HITPOINT WARNING * * *
The frost giant freezes you.
* * * LOW HITPOINT WARNING * * *
The freezing wraith hits you.
* * * LOW HITPOINT WARNING * * *
The freezing wraith freezes you! You resist.
* * * LOW HITPOINT WARNING * * *
The freezing wraith hits you but does no damage.
The deep troll earth mage bites you!
* * * LOW HITPOINT WARNING * * *
The deep troll earth mage claws you but does no damage.
The deep troll earth mage claws you.
* * * LOW HITPOINT WARNING * * *
The efreet closely misses you.
You closely miss the deep troll earth mage.
You headbutt the deep troll earth mage.
The deep troll earth mage is moderately wounded.
You slash the polar bear! You slice the frost giant!! You slash the efreet!
You closely miss something. You slash the deep troll earth mage!
You closely miss the freezing wraith. You barely miss the 11-headed hydra.
Something hits you.
You die...

##.# ...# ############## ##.#
####........###
##.############.....##########
##..#)#$#=##.##.T...####.....#
##.#########....#s..####.....#
...##?#!#=###.C#ce#°####.....####
....########...WhR#°####.....#..#
...©#[#©#[#..>.T@{°.........©#©..
##..######.#..#DCT#s##.#.....#...
.#.##!#?#!######TcWc#.##.....####
.#.##############....###.....# ##
.#.##"#?#[########h.####.....# #.
.#.# ##########...D.########## #.
...# ####........### #. .###
############## #. .# #.


You could see a frost giant, a fire dragon, a 11-headed hydra, an ettin, a
centaur warrior, 3 deep troll earth magi, 2 polar bear shaped shifters, 2
yaktaurs, a freezing wraith, a deep elf pyromancer, a troll, an efreet, a
wraith, a jumping spider and a tarantella.

Vanquished Creatures
  Snorg (D:9)
  Josephine (D:10)
  3 hydras
  A centaur warrior (D:13)
  2 two-headed ogres
  Erica (D:8)
  A death yak (D:9)
  2 deep troll earth magi (D:13)
  Urug (D:10)
  A shadow wraith (D:13)
  Pikel (D:4)
  A cyclops (D:12)
  3 manticores
  Maurice (D:8)
  5 gargoyles (D:11)
  A kobold demonologist (D:11)
  2 trolls
  2 polar bears
  A hornet (D:8)
  2 shadows
  3 wraiths (D:10)
  2 vampires (D:11)
  2 steam dragons
  A basilisk (D:12)
  22 yaks
  Grum (D:8)
  A swamp worm (shapeshifter) (D:13)
  2 wargs (D:9)
  An acid dragon (D:12)
  4 water moccasins
  A black bear (D:6)
  4 ice beasts
  4 orc warriors
  An ogre (D:5)
  4 centaurs
  5 wolves
  A lemure (D:4)
  A phantom (D:4)
  5 bullfrogs
  3 necrophages
  3 scorpions
  2 hornet simulacra
  14 wights
  A killer bee (D:5)
  2 electric eels (D:9)
  6 howler monkeys
  2 vampire bats (D:5)
  5 hounds
  6 orc priests
  16 orc wizards
  4 iguanas
  4 centaur simulacra
  10 gnolls
  7 adders
  A shadow imp (D:7)
  6 white imps
  3 ufetubi
  A worm (D:2)
  3 dart slugs
  33 orcs
  3 bat skeletons (D:5)
  2 bat zombies (D:5)
  6 endoplasms
  9 giant cockroaches
  5 hobgoblins
  10 jackals
  3 quokkas
  6 ball pythons
  10 bats
  7 frilled lizards
  6 goblins
  5 kobolds
  6 rats
308 creatures vanquished.

Vanquished Creatures (others)
  A wraith (D:10)
  An orc (D:6)
  11 fungi (D:9)
  A plant (D:9)
14 creatures vanquished.

Grand Total: 322 creatures vanquished

Notes
Turn   | Place    | Note
-------+----------+-------------------------------------------
     0 | D:1      | sanboga the Minotaur Berserker began the quest for the Orb.
     0 | D:1      | Reached XP level 1. HP: 19/19 MP: 0/0
   121 | D:1      | Found a faded altar of an unknown god.
   276 | D:1      | Reached skill level 4 in Axes
   323 | D:1      | Reached XP level 2. HP: 27/27 MP: 1/1
   961 | D:2      | Reached XP level 3. HP: 33/33 MP: 2/2
  1028 | D:2      | Reached ** piety under Trog
  1422 | D:2      | Reached skill level 5 in Axes
  1427 | D:2      | Reached XP level 4. HP: 40/40 MP: 3/3
  1871 | D:3      | Noticed a necrophage
  1886 | D:3      | Killed a necrophage
  1887 | D:3      | Reached XP level 5. HP: 33/47 MP: 4/4
  2281 | D:3      | Reached skill level 6 in Axes
  2295 | D:3      | Reached *** piety under Trog
  2714 | D:4      | Noticed a phantom
  2723 | D:4      | Reached skill level 5 in Fighting
  2725 | D:4      | Killed a phantom
  2726 | D:4      | Reached XP level 6. HP: 56/56 MP: 5/5
  2876 | D:4      | You fall into a shaft and drop 3 floors!
  3181 | D:7      | Reached skill level 7 in Axes
  3281 | D:7      | Reached skill level 5 in Armour
  3281 | D:7      | Reached XP level 7. HP: 60/62 MP: 6/6
  3511 | D:5      | Entered Level 5 of the Dungeon
  3516 | D:5      | Identified the ring "Ratt" {Str+6 Int+3}
  3575 | D:4      | Reached skill level 8 in Axes
  3889 | D:4      | Noticed Pikel
  3898 | D:4      | Killed Pikel
  3899 | D:4      | Reached skill level 9 in Axes
  3899 | D:4      | Reached XP level 8. HP: 73/73 MP: 7/7
  4527 | D:5      | Identified the +1 ring mail "Tojeacog" {rC+}
  4635 | D:5      | Reached skill level 10 in Axes
  4985 | D:5      | Found an ancient bone altar of Kikubaaqudgha.
  5123 | D:6      | Reached XP level 9. HP: 77/81 MP: 8/8
  5241 | D:6      | Reached **** piety under Trog
  5251 | D:6      | Reached skill level 11 in Axes
  5488 | D:6      | Noticed a troll
  5495 | D:6      | Killed a troll
  5945 | D:7      | Found a glowing silver altar of Zin.
  6518 | D:8      | Reached skill level 12 in Axes
  6826 | D:8      | Noticed Grum
  6835 | D:8      | Reached XP level 10. HP: 91/91 MP: 9/9
  6836 | D:8      | Killed Grum
  7091 | D:8      | Noticed Erica
  7098 | D:8      | Killed Erica
  7099 | D:8      | Reached skill level 13 in Axes
  7231 | D:8      | Found Moj Futh's CLEARANCE SALE!.
  7231 | D:8      | Noticed Maurice
  7235 | D:8      | Killed Maurice
  7319 | D:9      | Found a staircase to the Lair.
  7324 | D:9      | Reached skill level 10 in Fighting
  7632 | D:9      | Found a broken altar of Ashenzari.
  7688 | D:9      | Reached skill level 10 in Armour
  7800 | D:9      | Found a blossoming altar of Fedhas.
  7813 | D:9      | Reached skill level 14 in Axes
  7908 | D:9      | Found a shimmering altar of Xom.
  7909 | D:9      | Found a hazy altar of Hepliaklqana.
  7925 | D:9      | Noticed a death yak
  7940 | D:9      | Killed a death yak
  8600 | D:9      | Reached XP level 11. HP: 92/101 MP: 10/10
  8601 | D:9      | Reached ***** piety under Trog
  8613 | D:9      | Reached skill level 15 in Axes
  9123 | D:10     | Entered Level 10 of the Dungeon
  9123 | D:10     | Noticed Snorg
  9138 | D:9      | Killed Snorg
  9367 | D:10     | Noticed Josephine
  9375 | D:10     | Killed Josephine
  9497 | D:10     | Noticed Urug
  9509 | D:10     | Killed Urug
  9863 | D:10     | Reached skill level 16 in Axes
 10234 | D:11     | Found Risuul's Weapon Shop.
 10236 | D:11     | Found a staircase to the Orcish Mines.
 10305 | D:11     | Noticed a two-headed ogre
 10313 | D:11     | Killed a two-headed ogre
 10851 | D:11     | Reached XP level 12. HP: 92/113 MP: 11/11
 11339 | D:11     | Noticed a seven-headed hydra
 11352 | D:11     | Killed a ten-headed hydra
 11353 | D:11     | Reached skill level 17 in Axes
 11930 | D:12     | Noticed a two-headed ogre
 11934 | D:12     | Killed a two-headed ogre
 12776 | D:13     | Noticed an eight-headed hydra
 12782 | D:13     | Killed a 12-headed hydra
 12796 | D:13     | HP: 5/115 [something (18)]
 13077 | D:13     | Found a gate to the Vaults.
 13080 | D:13     | Identified the +7 long sword "Naukkice" {holy, rF+ Dex+2
                  | Stlth+}
 13225 | D:13     | Noticed a six-headed hydra
 13232 | D:13     | Killed an 11-headed hydra
 13392 | D:13     | Found a transporter.
 13674 | D:13     | Received a gift from Trog
 13702 | D:13     | Found a transporter.
 14022 | D:13     | Noticed a deep troll earth mage
 14022 | D:13     | Noticed a deep troll earth mage
 14027 | D:13     | Noticed a deep troll earth mage
 14027 | D:13     | Noticed an ettin
 14028 | D:13     | Noticed a centaur warrior
 14028 | D:13     | Noticed a frost giant
 14030 | D:13     | Noticed a fire dragon
 14031 | D:13     | Noticed a deep troll earth mage
 14031 | D:13     | Noticed a centaur warrior
 14031 | D:13     | Noticed a deep troll earth mage
 14032 | D:13     | Noticed an eight-headed hydra
 14038 | D:13     | Killed a deep troll earth mage
 14039 | D:13     | Reached skill level 18 in Axes
 14039 | D:13     | Killed a deep troll earth mage
 14040 | D:13     | Killed a centaur warrior
 14043 | D:13     | HP: 4/172 [deep troll earth mage (9)]
 14043 | D:13     | HP: 1/172 [deep troll earth mage (3)]
 14044 | D:13     | Slain by an unseen horror

Illustrated notes

Levels and vault maps discovered:
D:1:      minmay_arrival_cross, layout_basic, ebering_ecumenical_altar_box,
          minivault_26, kennysheep_boxes
D:2:      minmay_diamond_boxcup, layout_rooms
D:3:      layout_loops_ring, grunt_decor_arrowhead, minmay_bisected
D:4:      layout_loops_corners, kennysheep_generic_room_2, uniq_pikel
D:5:      kennysheep_big_flooded_room, layout_rooms, kennysheep_vampire_church,
          minmay_misc_feat_nine_boxes
D:6:      layout_loops_cross
D:7:      layout_basic, overflow_temple_1_default,
          minmay_temple_entry_from_below_a, mrwooster_statue_mirror
D:8:      layout_basic, nicolae_shop_clearance, uniq_joseph, uniq_erica,
          uniq_grum, uniq_maurice
D:9:      layout_small_grid, regret_index_temple_of_mockery,
          mainiacjoe_overflow_catch_the_wave, erik_lair_orcish_takeover,
          serial_ice, serial_ice_a, serial_ice_h, serial_ice_i, serial_ice_f,
          grunt_ministairs_4
D:10:     layout_rooms, uniq_snorg, uniq_josephine, uniq_urug
D:11:     cheibrodos_statue_roulette, layout_irregular_city, orc_david_3
D:12:     layout_grid_maze, skrybe_limestone_x
D:13:     gammafunk_dig_for_victory, layout_loops_ring, david_vaults_4,
          serial_ice, serial_ice_e, serial_ice_b, serial_ice_k, serial_ice_c,
          serial_ice_o, serial_ice_m, serial_ice_h

Skill      XL: |  1  2  3  4  5  6  7  8  9 10 11 12 |
---------------+-------------------------------------+-----
Axes           | 4 5 6 7 9 10 12 14 16 18 | 18.2
Fighting       | 4 5 7 8 9 10 12 13 | 13.5
Armour         | 3 4 5 6 7 9 10 12 13 | 13.2
Dodging        | |  2.1

Action                   |  1- 3 |  4- 6 |  7- 9 | 10-12 || total
-------------------------+-------+-------+-------+-------++-------
Melee: Hand axe          |    88 |    16 |       |       ||   104
       Headbutt          |    12 |    13 |    36 |    65 ||   126
       War axe           |       |    88 |   167 |       ||   255
       Punch             |       |     2 |     1 |       ||     3
       Battleaxe         |       |       |    19 |   337 ||   356
Invok: Berserk           |     1 |     1 |     5 |    13 ||    20
Evoke: Wand              |       |       |       |     3 ||     3
  Use: Scroll            |       |       |    18 |     2 ||    20
       Potion            |       |       |       |     5 ||     5
 Stab: Distracted        |       |       |     1 |       ||     1
Armor: Animal skin       |     4 |       |       |       ||     4
       Chain mail        |    38 |    67 |   124 |    46 ||   275
       Plate armour      |       |       |       |   184 ||   184
Dodge: Dodged            |    50 |    27 |   118 |   148 ||   343
Block: Other             |       |       |       |    24 ||    24
       Reflection        |       |       |       |     3 ||     3
